 Dungeon Crawl Stone Soup version 0.31-a0-631-g285b096dc4 (webtiles) character file.

Game seed: 16659576966004648561

35 Arcadio the Grave Robber (level 3, -3/21 HPs)
             Began as an Octopode Necromancer on Aug 26, 2023.
             Slain by a worm (10 damage)
             ... on level 2 of the Dungeon.
             The game lasted 00:01:41 (841 turns).

Arcadio the Grave Robber (Octopode Necromancer)      Turns: 841, Time: 00:01:41

Health: -3/21      AC:  1    Str:  7    XL:     3   Next: 35%
Magic:  6/6        EV: 13    Int: 19    God:
Gold:   36         SH:  0    Dex: 12    Spells: 6/7 levels left

rFire   . . .        c - +0 dagger
rCold   . . .        (no shield)
rNeg    . . .        (helmet restricted)
rPois   .            (no amulet)
rElec   .            (no ring)
rCorr   .            (no ring)
SInv    .            (no ring)
Will    .....        (no ring)
Stlth   +++          (no ring)
HPRegen 0.23/turn    (no ring)
MPRegen 0.10/turn    (no ring)
                     (no ring)

%: no passive effects
@: no status effects
A: almost no armour, amphibious, 8 rings, camouflage 1, gelatinous body 1,
(nimble swimmer 1), tentacles
a: no special abilities


You were on level 2 of the Dungeon.
You visited 1 branch of the dungeon, and saw 2 of its levels.

You collected 36 gold pieces.

Inventory:

Hand Weapons
 c - a +0 dagger (weapon)
Jewellery
 g - a +6 ring of dexterity
Scrolls
 d - a scroll of identify {unknown}
 f - a scroll of enchant armour {unknown}
Potions
 a - a potion of magic
 b - a potion of degeneration {unknown}
 e - a potion of berserk rage {unknown}


   Skills:
 + Level 2.6 Dodging
 - Level 2.6 Stealth
 + Level 2.5 Spellcasting
 + Level 4.4 Necromancy


You had 6 spell levels left.
You knew the following spells:

 Your Spells              Type           Power      Damage    Failure   Level
a - Necrotise             Necr           76%        1d7       2%          1

Your spell library contained the following spells:

 Spells                   Type           Power      Damage    Failure   Level
 Vampiric Draining        Necr           19%        2d7       8%          3
 Animate Dead             Necr           19%        N/A       26%         4
 Agony                    Necr           19%        N/A       58%         5


Dungeon Overview and Level Annotations

Branches:
Dungeon (2/15) Zot: 11157

Altars:


Innate Abilities, Weirdness & Mutations

You cannot wear most types of armour.
You are amphibious.
You can wear up to eight rings at the same time.
Your skin changes colour to match your surroundings (Stealth+).
Your rubbery body absorbs attacks. (AC +1, EV +1)
((You are camouflaged when in or above water. (Stealth+)))
You have tentacles for arms and can constrict up to eight enemies at once.


Message History

The worm barely resists.
Casting: Necrotise (safe; 2% risk of failure)
Confirm with . or Enter, or press ? or * to list all spells.
Aiming: Necrotise (safe; 2% risk of failure)
Press: ? - help, Shift-Dir - straight line, f/p - worm
Aim: a worm (moderately wounded, chance to affect: 84%)
The worm writhes in agony!
Casting: Necrotise (safe; 2% risk of failure)
Confirm with . or Enter, or press ? or * to list all spells.
Aiming: Necrotise (safe; 2% risk of failure)
Press: ? - help, Shift-Dir - straight line, f/p - worm
Aim: a worm (severely wounded, chance to affect: 84%)
The worm barely resists.
You barely miss the worm. You grab the worm.
The worm is heavily wounded.
You constrict the worm. You hit the worm.
The worm is severely wounded.
You constrict the worm. The worm bites you!
Ouch! That really hurt!
The worm barely misses you.
You release your grip on the worm.
The worm attacks as it pursues you! The worm barely misses you.
The worm attacks as it pursues you! The worm bites you!
* * * LOW HITPOINT WARNING * * *
A ball python, a hobgoblin and a dart slug come into view.
There is a stone staircase leading up here.
The ball python hisses angrily.
You climb upwards.
There is a stone staircase leading down here.
You start resting.
Magic restored.
You start resting.
HP restored.
You climb downwards.
The worm bites you. The worm bites you!
There is a stone staircase leading up here.
The hobgoblin shouts!
The ball python bites you but does no damage.
The ball python barely misses you. The worm bites you. The worm bites you!
You die...

####### ....#
..w.....# ....#
........###....#
...............#
........g.....#
#............#
#.....w.w....#
####......@S..[.#
..................
###............##
#............#
#............#.
#####......(...>...
#........#######.##
#.......)#####.....
#........#.....#..#


You could see 2 worms, a dart slug (wandering), a hobgoblin and a ball python.

Vanquished Creatures
  An adder (D:2)
  2 dart slugs (D:1)
  4 ball pythons
  2 endoplasms
  2 giant cockroaches (D:1)
  2 goblins
  2 hobgoblins
  4 bats (D:1)
  A frilled lizard (D:1)
  2 rats (D:1)
22 creatures vanquished.

Vanquished Creatures (collateral kills)
  A quokka (D:1)
1 creature vanquished.

Grand Total: 23 creatures vanquished

Notes
Turn   | Place    | Note
-------+----------+-------------------------------------------
     0 | D:1      | Arcadio the Octopode Necromancer began the quest for the
                  | Orb.
     0 | D:1      | Reached XP level 1. HP: 11/11 MP: 3/3
   188 | D:1      | Reached XP level 2. HP: 17/17 MP: 5/5
   719 | D:2      | Reached XP level 3. HP: 21/21 MP: 6/6
   841 | D:2      | Slain by a worm

Illustrated notes

Levels and vault maps discovered:
D:1:      matt_arrival_grand_opening, layout_basic
D:2:      layout_basic, uniq_robin

Action                     || total
---------------------------++-------
  Melee: Dagger            ||    38
         Constrict         ||    13
         Tentacles         ||    10
         Unarmed           ||     3
   Cast: Necrotise         ||    14
   Stab: Sleeping          ||     3
 Armour: Skin              ||     7
  Dodge: Dodged            ||    32

Table legend: (Time is in decaauts)
 A = Elapsed time spent in this place.
 B = Non-inter-level travel time spent in this place.
 C = Inter-level travel time spent in this place.
 D = Time resting spent in this place.
 E = Time spent auto-exploring this place.
 F = Levels seen in this place.
 G = Mean time per level.
                   A        B        C        D        E       F      G
               +--------+--------+--------+--------+--------+-----+--------+
         Total |    841 |    834 |      7 |     64 |    576 |   2 |  420.5 |
       Dungeon |    841 |    834 |      7 |     64 |    576 |   2 |  420.5 |
               +--------+--------+--------+--------+--------+-----+--------+

Top non-repeatable levels by time:
     D:1: 766 daAuts
     D:2: 75 daAuts
